 Dungeon Crawl Stone Soup version 0.22-a0-785-g6253c82ace (webtiles) character file.

150 Holzbalken the Cudgeler (level 5, -3/32 HPs)
             Began as a Gargoyle Monk on July 20, 2018.
             Was a Believer of Qazlal.
             Slain by an ogre
             ... wielding a +0 giant club
              (16 damage)
             ... on level 4 of the Dungeon.
             The game lasted 00:12:05 (3076 turns).

Holzbalken the Cudgeler (Gargoyle Monk)             Turns: 3076, Time: 00:12:09

Health: -3/32      AC: 13    Str: 16    XL:     5   Next: 32%
Magic:  1/5        EV:  5    Int: 10    God:    Qazlal [**....]
Gold:   128        SH: 12    Dex: 12    Spells: 4/4 levels left

rFire    . . .     SeeInvis .   a - +0 mace
rCold    . . .     Gourm    +   k - +0 shield
rNeg     + . .     Faith    .   w - +0 chain mail
rPois    ∞         Spirit   .   (no helmet)
rElec    +         Reflect  .   p - +0 cloak
rCorr    .         Harm     .   (no gloves)
MR       .....                  (no boots)
Stlth    ..........             u - amulet of the gourmand
HPRegen  0.10/turn              (no ring)
MPRegen  0.09/turn              (no ring)

@: no status effects
A: negative energy resistance 1, electricity resistance, unbreathing,
petrification resistance, rot immunity, AC +4
a: Upheaval, Renounce Religion


You were on level 4 of the Dungeon.
You worshipped Qazlal.
Qazlal was pleased with you.
You were full.

You visited 1 branch of the dungeon, and saw 4 of its levels.

You collected 128 gold pieces.

Inventory:

Hand Weapons
 a - a +0 mace (weapon)
Missiles
 o - 5 tomahawks of returning (quivered)
Armour
 i - a +2 buckler
 k - a +0 shield (worn)
 p - a +0 cloak (worn)
 w - a +0 chain mail (worn)
Jewellery
 u - an amulet of the gourmand (around neck)
Wands
 b - a wand of digging (10)
Scrolls
 d - a scroll of immolation {unknown}
 f - 6 scrolls of identify {unknown}
 h - 2 scrolls of teleportation {unknown}
 j - a scroll of enchant weapon {unknown}
 m - a scroll of fog {unknown}
 n - a scroll of fear {unknown}
 r - 2 scrolls of remove curse {unknown}
Potions
 e - a potion of agility {unknown}
 l - a potion of curing {unknown}
 q - a potion of cancellation {unknown}
 s - a potion of flight {unknown}
 t - a potion of mutation {unknown}
Comestibles
 c - 7 rations


   Skills:
 - Level 3.2 Fighting
 + Level 4.3 Maces & Flails
 - Level 2.4 Dodging
 - Level 2.1 Stealth
 * Level 4.0 Shields


You had 4 spell levels left.
You didn't know any spells.
Your spell library was empty.

Dungeon Overview and Level Annotations

Branches:
Dungeon (4/15)
 Temple: D:4-7

Altars:
Dithmenos
Kikubaaqudgha
Makhleb
Okawaru
Qazlal

Annotations:
D:3 3 runed doors, zuik's ghost, amateur HaSk


Innate Abilities, Weirdness & Mutations

You are resistant to torment.
Your stone body is resilient. (AC +4)
You are immune to poison.
You resist negative energy. (rN+)
You are resistant to electric shocks. (rElec)
You can survive without breathing.
You are immune to petrification.
You are immune to rotting.


Message History

You sock the orc!
You kill the orc!
Qazlal accepts your kill. You block the ogre's attack.
Things that are here:
a flail of draining; an orc corpse You closely miss the ogre.
The ogre hits you with a giant club!
You hit the ogre.
The ogre is moderately wounded.
The ogre hits you with a giant club.
Aiming: Upheaval
Press: ? - help, Dir - move target cursor, f - withered plant
Aim: a withered plant A storm cloud blasts the area with cutting wind!
The cutting wind hits the withered plant.
The withered plant is lightly damaged.
The withered plant is struck by lightning.
The ogre hits you with a giant club!
Ouch! That really hurt!
You die...

### #..
####.#########
#......<.....###
#.##.##.....P.P#
###.##...P.P..P..P
#.......#....#.P.P
#.....§.OPP.###...
#......@..P.......
#......§.........
#........##.._..#
#.......P# ......
#........# ######
#.........
#.......###
#.......#


You could see an ogre.

Vanquished Creatures
  A hound (D:3)
  A worker ant zombie (D:3)
  4 adders
  An ooze (D:2)
  A dart slug (D:1)
  2 leopard geckos (D:2)
  2 orcs
  5 bats
  4 giant cockroaches
  8 goblins
  9 hobgoblins
  A quokka (D:2)
  13 frilled lizards
  6 kobolds
  6 rats
64 creatures vanquished.

Notes
Turn   | Place    | Note
-------+----------+-------------------------------------------
     0 | D:1      | Holzbalken the Gargoyle Monk began the quest for the Orb.
     0 | D:1      | Reached XP level 1. HP: 14/14 MP: 1/1
   468 | D:1      | Reached XP level 2. HP: 12/19 MP: 2/2
   633 | D:1      | Reached skill level 1 in Shields
  1120 | D:2      | Reached XP level 3. HP: 20/23 MP: 3/3
  1417 | D:2      | Found a stormy altar of Qazlal.
  1424 | D:2      | Became a worshipper of Qazlal Stormbringer
  1424 | D:2      | Reached * piety under Qazlal
  1424 | D:2      | Reached ** piety under Qazlal
  1731 | D:2      | Reached XP level 4. HP: 28/28 MP: 4/4
  2464 | D:3      | Found a shadowy altar of Dithmenos.
  2539 | D:3      | Found a burning altar of Makhleb.
  2589 | D:3      | Reached XP level 5. HP: 28/32 MP: 5/5
  2632 | D:3      | Found a runed gate.
  2632 | D:3      | Found a runed gate.
  2632 | D:3      | Found a runed gate.
  2632 | D:3      | Noticed zuik's ghost (amateur HaSk)
  2733 | D:3      | Found a faded altar of an unknown god.
  2900 | D:3      | Found an iron altar of Okawaru.
  3058 | D:4      | Found an ancient bone altar of Kikubaaqudgha.
  3061 | D:4      | Noticed an ogre
  3076 | D:4      | Slain by an ogre

Vault maps used:
D:1:      minmay_arrival_stone_box, roderic_lattice_a
D:2:      nicolae_qazlal_eye_of_the_storm, first_ration, minmay_lizard_king
D:3:      nicolae_dithmenos_shadow_blocks, old_standard_altar,
          chequers_ecumenical_altar_simple, gammafunk_ghost_necromancy,
          makhleb_heckhound_becter
D:4:      kiku_gazebo_garden_becter, lemuel_round_altar, uniq_pikel

Skill      XL: |  1  2  3  4  5 |
---------------+----------------+-----
Shields        | 2 3 4 |  4.0
Maces & Flails | 4 |  4.3
Fighting       | |  3.2
Dodging        | |  2.4
Stealth        | |  2.1

Action                   |  1- 3 |  4- 6 || total
-------------------------+-------+-------++-------
Melee: Mace              |   110 |   120 ||   230
Invok: Upheaval          |       |     1 ||     1
 Stab: Sleeping          |     4 |       ||     4
  Eat: Chunk             |     2 |    10 ||    12
Armor: Leather armour    |    30 |    23 ||    53
       Robe              |     3 |       ||     3
       Chain mail        |       |    18 ||    18
Dodge: Dodged            |    43 |    52 ||    95
Block: Buckler           |    31 |       ||    31
       Shield            |     4 |    93 ||    97

Table legend:
 A = Spawn XP
 B = Non-spawn XP
 C = Spawn XP percentage of total XP
 D = Spawn monster count
 E = Non-spawn monster count
 F = Spawn count percentage of total count
 G = Total turns spent on level
                    A         B        C        D         E        F      G
               +---------+---------+-------+---------+---------+-------+---------
         Total |       0 |     215 |   0.0 |       0 |      64 |   0.0 |  3076
               +---------+---------+-------+---------+---------+-------+---------
           D:1 |       0 |      31 |   0.0 |       0 |      17 |   0.0 |  1146
           D:2 |       0 |      73 |   0.0 |       0 |      29 |   0.0 |  1311
           D:3 |       0 |     108 |   0.0 |       0 |      17 |   0.0 |   601
           D:4 |       0 |       3 |   0.0 |       0 |       1 |   0.0 |    18
               +---------+---------+-------+---------+---------+-------+---------
